 Dungeon Crawl Stone Soup version 0.26-a0-639-g72c4674329 (webtiles) character file.

Game seed: 10378228806789993634

49795 Flugslaktarn the Cleaver (level 14, 26/139 HPs)
             Began as a Deep Dwarf Fighter on Sept 23, 2020.
             Was the Champion of Makhleb.
             Quit the game on level 1 of the Spider Nest.
             The game lasted 00:10:01 (11175 turns).

Flugslaktarn the Cleaver (Deep Dwarf Fighter)      Turns: 11175, Time: 00:10:02

Health: 26/139     AC: 36    Str: 21 (23) XL:     14   Next: 17%
Magic:  6/6        EV: 13    Int: 10 (11) God:    Makhleb [******]
Gold:   676        SH: 17    Dex: 12      Spells: 13/13 levels left

rFire    + . .     SeeInvis .   C - +8 war axe "Hyurphoi" {protect, +Fly rElec rF- MR+}
rCold    + . .     Faith    .   c - +0 kite shield
rNeg     + . .     Spirit   .   o - +2 plate armour {rF+}
rPois    .         Reflect  +   (no helmet)
rElec    +         Harm     .   p - +2 cloak
rCorr    +         Rampage  .   e - +2 pair of gloves
MR       +++..                  K - +2 pair of boots of the Apprentice {rC+ rCorr}
Stlth    ..........             B - amulet of reflection
HPRegen  0.00/turn              f - ring of protection from fire
MPRegen  0.10/turn              n - +4 ring of evasion

@: lethally poisoned (26 -> -23), protection aura, non-regenerating, hasted,
very quick
A: damage resistance, heal wounds, repulsion field 1, thin metallic scales 1,
deterioration 1, negative energy resistance 1, sense surroundings 2, no
regeneration
a: Heal Wounds, Minor Destruction, Lesser Servant of Makhleb, Major Destruction,
Greater Servant of Makhleb, Renounce Religion, Evoke Flight


You were on level 1 of the Spider Nest.
You worshipped Makhleb.
Makhleb was exalted by your worship.
You visited 5 branches of the dungeon, and saw 20 of its levels.
You also visited: Gauntlet.

You collected 1960 gold pieces.
You spent 1284 gold pieces at shops.

Inventory:

Hand Weapons
 a - a +0 war axe
 v - a +1 short sword of distortion
   (You took it off Sonja on level 4 of the Lair of Beasts)
 z - a +0 broad axe
   (You found it on level 4 of the Lair of Beasts)
 C - the +8 war axe "Hyurphoi" (weapon) {protect, +Fly rElec rF- MR+}
   (You found it on level 11 of the Dungeon)

   It grants its wielder temporary protection when it strikes (+7 to AC).
   It makes you vulnerable to fire.
   It insulates you from electricity.
   It affects your resistance to hostile enchantments.
   It lets you fly.
Missiles
 s - a throwing net (quivered)
Armour
 c - a +0 kite shield (worn)
 e - a +2 pair of gloves (worn)
   (You found it on level 3 of the Dungeon)
 o - a +2 plate armour of fire resistance (worn)
   (You took it off an orc warrior on level 8 of the Dungeon)
 p - a +2 cloak (worn)
   (You found it on level 3 of the Dungeon)
 K - the +2 pair of boots of the Apprentice (worn) {rC+ rCorr}
   (You found it in a Gauntlet)

   It protects you from cold.
   It provides partial protection from all sources of acid and corrosion.
Jewellery
 f - a ring of protection from fire (left hand)
   (You found it on level 4 of the Lair of Beasts)
 i - an uncursed ring of see invisible
   (You found it on level 8 of the Dungeon)
 k - an uncursed ring of resist corrosion
   (You found it on level 4 of the Dungeon)
 n - a +4 ring of evasion (right hand)
   (You found it on level 10 of the Dungeon)
 B - an amulet of reflection (around neck)
   (You found it on level 12 of the Dungeon)
 D - an uncursed ring of flight
   (You found it on level 6 of the Dungeon)
Wands
 g - a wand of iceblast (12)
   (You found it on level 8 of the Dungeon)
 E - a wand of digging (4)
   (You found it on level 1 of the Lair of Beasts)
Scrolls
 b - 3 scrolls of fog
 j - a scroll of fear
 r - 3 scrolls of identify
 t - 6 scrolls of teleportation
 u - 6 scrolls of magic mapping
 x - 4 scrolls of remove curse
Potions
 d - 3 potions of magic
 h - a potion of haste
 l - 3 potions of ambrosia
 m - 6 potions of lignification
 q - 5 potions of curing
 w - 2 potions of heal wounds
 y - 4 potions of mutation
 A - a potion of flight
 I - a potion of invisibility {unknown}
Miscellaneous
 F - a condenser vane (1/2)
   (You bought it in a shop on level 2 of the Orcish Mines)


   Skills:
 * Level 12.3 Fighting
 * Level 14.2 Axes
 + Level 10.8 Armour
 + Level 3.8 Dodging
 + Level 10.9 Shields
 + Level 11.2 Invocations
 + Level 4.7 Evocations


You had 13 spell levels left.
You didn't know any spells.
Your spell library was empty.

Dungeon Overview and Level Annotations

Branches:
Dungeon (12/15)            Temple (1/1) D:6            Lair (4/6) D:11
  Swamp (0/4) Lair:3       Spider (1/4) Lair:3          Orc (2/2) D:11
    Elf (0/3) Orc:2       Gauntlet (visited)

Altars:
Ashenzari
Cheibriados
Elyvilon
Makhleb
Ru
Sif Muna
Trog
Uskayaw
Vehumet
Yredelemnul
Zin
The Shining One

Shops:
D:4 [   Orc:2 !=}[

Portals:
Sewer: D:6
Ossuary: D:8

Annotations:
D:7 Prince Ribbit
D:11 1 runed translucent door
Lair:3 1 runed translucent door


Innate Abilities, Weirdness & Mutations

You are resistant to damage.
You can heal yourself by infusing magical energy.
You resist negative energy. (rN+)
You passively map the area around you.
You do not regenerate.
You are surrounded by a mild repulsion field. (EV +2)
You are partially covered in thin metallic scales. (AC +2)
Your body sometimes deteriorates upon taking damage.


Message History

You are too injured to fight recklessly!
* * * LOW HITPOINT WARNING * * *
You feel very sick.
A redback comes into view.
You see here the guardian serpent corpse of Aizul.
You are too injured to fight recklessly!
* * * LOW HITPOINT WARNING * * *
You feel very sick.
The entropy weaver is engulfed in noxious fumes.
The entropy weaver appears confused.
The entropy weaver hits the redback.
The entropy weaver completely misses the redback.
The entropy weaver misses the redback.
The entropy weaver barely misses the redback.
You block the redback's attack.
You are too injured to fight recklessly!
You are too injured to fight recklessly!
You barely miss the entropy weaver. You slash the redback!
* * * LOW HITPOINT WARNING * * *
You feel sick.
Are you sure you want to abandon this character and quit the game? (Confirm with "yes".)

##.............
,, ,, ,
#...............
,
#...............
,
#...y...........
#....○.°........
, ,
#....!..........
,,
#.....†.........
,
#......†as.s....,
#......§@.s.....
, ,
#......○○...s...
, , ,
#..^....°.......,
#^.......○......
#..[<...........
,
#...............
#...............
#.....$.........,
, #^.......... ,
, ,


You could see an entropy weaver (confused), an orb spider (confused), a hornet
(confused) and 3 redbacks.

Vanquished Creatures
  Aizul (Spider:1)
  An entropy weaver (Lair:3)
  A minotaur (Gauntlet)
  Snorg (Lair:4)
  A death ooze (Gauntlet)
  A hydra (Lair:4)
  A two-headed ogre (D:10)
  A queen ant (Lair:2)
  3 orc high priests (Orc:2)
  Nergalle (Lair:3)
  Sonja (Lair:4)
  2 sixfirhies (Gauntlet)
  2 unseen horrors
  Pikel (D:7)
  2 orb spiders (Spider:1)
  5 orc knights
  2 cyclopes
  2 wolf spiders
  6 orc sorcerers
  A shining eye (Gauntlet)
  2 centaur zombies
  A black mamba (Lair:4)
  A gargoyle (D:11)
  4 elephants (Lair:4)
  6 cane toads
  2 rime drakes (Lair:3)
  9 komodo dragons
  A demonic crawler (Spider:1)
  A minotaur zombie (Gauntlet)
  3 trolls
  5 jumping spiders
  Grinder (D:5)
  6 hippogriffs
  Sigmund (D:3)
  6 redbacks (Spider:1)
  3 tarantellas
  40 yaks
  A shadow (D:9)
  A vampire (D:10)
  3 wraiths
  2 wyverns
  A steam dragon (Lair:4)
  4 soldier ants (Lair:2)
  Menkaure (D:7)
  A warg (Orc:1)
  4 water moccasins
  7 porcupines
  22 orc warriors
  2 floating eyes (Gauntlet)
  2 sky beasts
  A black bear (D:9)
  2 ice beasts
  3 phantoms
  9 ogres
  A necrophage (D:12)
  9 wolves
  9 centaurs
  6 crocodiles
  A lemure (D:7)
  3 big kobolds
  14 bullfrogs
  A wyvern zombie (D:7)
  5 scorpions
  2 howler monkeys
  A crimson imp (D:6)
  A bullfrog zombie (D:7)
  3 jellies
  A centaur skeleton (D:11)
  2 hounds
  18 orc priests
  3 bullfrog skeletons
  26 orc wizards
  6 iguanas
  13 worker ants
  A hound zombie (D:8)
  3 gnolls (D:6)
  15 adders
  2 shadow imps
  2 white imps
  2 ufetubi
  2 oozes (D:6)
  3 worms
  An adder skeleton (D:5)
  A dart slug (D:2)
  7 leopard geckos
  82 orcs
  3 giant cockroaches
  3 goblins
  2 hobgoblins
  3 jackals (D:7)
  14 kobolds
  5 quokkas
  A ball python (D:6)
  A bat (D:6)
  2 frilled lizards (D:1)
  A jackal skeleton (D:8)
  2 quokka skeletons
  A rat (D:2)
478 creatures vanquished.

Vanquished Creatures (collateral kills)
  2 hydras
  A hippogriff (Lair:2)
  A soldier ant (Lair:2)
  2 worker ants (Lair:2)
6 creatures vanquished.

Vanquished Creatures (others)
  An orc (Orc:2)
  2 demonic plants (Gauntlet)
  3 fungi
  8 plants
14 creatures vanquished.

Grand Total: 498 creatures vanquished

Notes
Turn   | Place    | Note
-------+----------+-------------------------------------------
     0 | D:1      | Flugslaktarn the Deep Dwarf Fighter began the quest for the
                  | Orb.
     0 | D:1      | Reached XP level 1. HP: 20/20 MP: 1/1
   108 | D:2      | Reached XP level 2. HP: 26/28 MP: 2/2
   157 | D:2      | Reached XP level 3. HP: 23/34 MP: 3/3
   187 | D:2      | Reached skill level 3 in Axes
   394 | D:3      | Noticed Sigmund
   466 | D:3      | Killed Sigmund
   466 | D:3      | Reached skill level 4 in Axes
   466 | D:3      | Reached XP level 4. HP: 26/44 MP: 3/3
   466 | D:3      | Reached XP level 5. HP: 30/50 MP: 4/4
   592 | D:4      | Found Vaxkog's Antique Armour Shoppe.
   842 | D:4      | Found a basalt altar of Yredelemnul.
   868 | D:4      | Reached XP level 6. HP: 50/57 MP: 5/5
  1130 | D:5      | Entered Level 5 of the Dungeon
  1130 | D:5      | Noticed an ice beast
  1141 | D:5      | Killed an ice beast
  1147 | D:5      | Reached skill level 5 in Axes
  1168 | D:5      | Reached XP level 7. HP: 43/66 MP: 6/6
  1255 | D:5      | Noticed Grinder
  1268 | D:5      | Paralysed by Grinder for 7 turns
  1286 | D:5      | Killed Grinder
  1286 | D:5      | Reached skill level 5 in Fighting
  1286 | D:5      | Reached skill level 5 in Shields
  1303 | D:5      | Reached skill level 5 in Armour
  1492 | D:5      | Found a hide-covered altar of Uskayaw.
  1634 | D:6      | Reached skill level 6 in Axes
  1700 | D:6      | Found a glowing drain.
  1749 | D:6      | Found a radiant altar of Vehumet.
  1750 | D:6      | Found a burning altar of Makhleb.
  1765 | D:6      | Became a worshipper of Makhleb the Destroyer
  1856 | D:6      | Reached XP level 8. HP: 55/76 MP: 6/6
  2179 | D:6      | Found a staircase to the Ecumenical Temple.
  2188 | Temple   | Entered the Ecumenical Temple
  2230 | D:7      | Noticed Menkaure
  2239 | D:7      | Reached skill level 1 in Invocations
  2240 | D:7      | Killed Menkaure
  2269 | D:7      | Noticed Prince Ribbit
  2271 | D:7      | Noticed a troll
  2316 | D:7      | Killed a troll
  2316 | D:7      | Reached skill level 7 in Axes
  2449 | D:7      | Reached * piety under Makhleb
  2496 | D:7      | Noticed Pikel
  2528 | D:7      | Killed Pikel
  2528 | D:7      | Gained mutation: You passively map the area around you.
                  | [Deep Dwarf growth]
  2528 | D:7      | Reached XP level 9. HP: 41/85 MP: 5/5
  2606 | D:8      | Found a glowing silver altar of Zin.
  2608 | D:8      | Found a white marble altar of Elyvilon.
  2610 | D:8      | Found a snail-covered altar of Cheibriados.
  2669 | D:8      | Reached skill level 8 in Axes
  3091 | D:8      | Found a sand-covered staircase.
  3146 | D:9      | Reached ** piety under Makhleb
  3162 | D:9      | Reached skill level 5 in Invocations
  3189 | D:9      | Found a glowing golden altar of the Shining One.
  3347 | D:9      | Reached skill level 9 in Axes
  3392 | D:9      | Reached XP level 10. HP: 82/96 MP: 5/5
  3787 | D:10     | Entered Level 10 of the Dungeon
  3901 | D:10     | Noticed a two-headed ogre
  3910 | D:10     | Killed a two-headed ogre
  3939 | D:10     | Reached skill level 10 in Axes
  4076 | D:10     | Reached *** piety under Makhleb
  4546 | D:11     | Reached XP level 11. HP: 106/106 MP: 7/7
  4616 | D:11     | Reached **** piety under Makhleb
  4720 | D:11     | Noticed an unseen horror
  4736 | D:11     | Killed an unseen horror
  4810 | D:11     | Found a staircase to the Lair.
  4822 | D:11     | Found a runed translucent door.
  4822 | D:11     | Found a white marble altar of Elyvilon.
  4822 | D:11     | Noticed an angel
  4891 | D:11     | Reached ***** piety under Makhleb
  4917 | D:11     | You fall into a shaft and drop 1 floor!
  4927 | D:12     | Reached skill level 11 in Axes
  4999 | D:11     | Got a pitted war axe
  5003 | D:11     | Identified the +8 war axe "Hyurphoi" {protect, +Fly rElec
                  | rF- MR+} (You found it on level 11 of the Dungeon)
  5095 | D:11     | Found a staircase to the Orcish Mines.
  5566 | D:12     | Noticed an unseen horror
  5572 | D:12     | Killed an unseen horror
  5658 | D:12     | Found a sacrificial altar of Ru.
  5809 | Lair:1   | Entered Level 1 of the Lair of Beasts
  5850 | Lair:1   | Reached skill level 10 in Fighting
  6539 | Lair:2   | Reached XP level 12. HP: 116/116 MP: 7/7
  6567 | Lair:2   | Noticed a five-headed hydra
  6588 | Lair:2   | Killed a 14-headed hydra
  6614 | Lair:2   | Noticed a queen ant
  6627 | Lair:2   | Killed a queen ant
  6634 | Lair:2   | Reached skill level 12 in Axes
  7334 | Lair:3   | Found a staircase to the Swamp.
  7460 | Lair:3   | Noticed a five-headed hydra
  7480 | Lair:3   | Killed a 16-headed hydra
  7548 | Lair:3   | Found a runed translucent door.
  7590 | Lair:3   | Found a hole to the Spider Nest.
  7848 | Lair:3   | Noticed Nergalle
  7869 | Lair:3   | Killed Nergalle
  8211 | Lair:3   | Noticed an eight-headed hydra
  8252 | Lair:4   | Reached skill level 10 in Invocations
  8260 | Lair:4   | Reached skill level 10 in Shields
  8266 | Lair:4   | Reached skill level 13 in Axes
  8289 | Lair:4   | Found a gate leading to a gauntlet.
  8298 | Gauntlet | Entered a Gauntlet
  8298 | Gauntlet | Found a large runed translucent door.
  8298 | Gauntlet | Found a large runed translucent door.
  8298 | Gauntlet | Found a large runed translucent door.
  8298 | Gauntlet | Found a large runed translucent door.
  8298 | Gauntlet | Found a large runed translucent door.
  8298 | Gauntlet | Found a transporter.
  8298 | Gauntlet | Found a large runed translucent door.
  8298 | Gauntlet | Found a large runed translucent door.
  8298 | Gauntlet | Found a large runed translucent door.
  8298 | Gauntlet | Found a runed translucent door.
  8298 | Gauntlet | Found a runed translucent gate.
  8298 | Gauntlet | Found a runed translucent gate.
  8298 | Gauntlet | Found a transporter.
  8298 | Gauntlet | Found a transporter.
  8308 | Gauntlet | Found a transporter.
  8311 | Gauntlet | Found a transporter.
  8319 | Gauntlet | Found a transporter.
  8322 | Gauntlet | Found a transporter.
  8328 | Gauntlet | Noticed an entropy weaver
  8330 | Gauntlet | Found a transporter.
  8348 | Gauntlet | Found a transporter.
  8365 | Gauntlet | Found a transporter.
  8368 | Gauntlet | Found a transporter.
  8379 | Gauntlet | Found a transporter.
  8383 | Gauntlet | Found a runed translucent gate.
  8384 | Gauntlet | Found a large runed translucent door.
  8384 | Gauntlet | Found a large runed translucent door.
  8385 | Gauntlet | Found a large runed translucent door.
  8386 | Gauntlet | Found a large runed translucent door.
  8387 | Gauntlet | Found a large runed translucent door.
  8387 | Gauntlet | Found a large runed translucent door.
  8387 | Gauntlet | Found a runed translucent door.
  8388 | Gauntlet | Found a large runed translucent door.
  8389 | Gauntlet | Found a large runed translucent door.
  8429 | Gauntlet | Noticed a death ooze
  8472 | Gauntlet | Gained mutation: You are frail. (-10% HP) [a shining eye]
  8476 | Gauntlet | Reached XP level 13. HP: 114/114 MP: 9/9
  8480 | Gauntlet | Got a pair of bloodstained boots
  8485 | Gauntlet | Lost mutation: You are frail. (-10% HP) [potion of
                  | mutation]
  8485 | Gauntlet | Gained mutation: Your body sometimes deteriorates upon
                  | taking damage. [potion of mutation]
  8485 | Gauntlet | Gained mutation: You are surrounded by a mild repulsion
                  | field. (EV +2) [potion of mutation]
  8485 | Gauntlet | Gained mutation: You are partially covered in thin metallic
                  | scales. (AC +2) [potion of mutation]
  8499 | Gauntlet | Killed a death ooze
  8499 | Gauntlet | Reached skill level 10 in Armour
  8553 | Gauntlet | Identified a +2 pair of boots of running (You found it in a
                  | Gauntlet)
  8553 | Gauntlet | Identified the +2 pair of boots of the Apprentice {rC+
                  | rCorr} (You found it in a Gauntlet)
  8582 | Gauntlet | Noticed a minotaur
  8614 | Gauntlet | Killed a minotaur
  8688 | Lair:4   | Reached ****** piety under Makhleb
  8744 | Lair:4   | Reached skill level 1 in Evocations
  8744 | Lair:4   | Noticed Snorg
  8759 | Lair:4   | Reached skill level 1 in Dodging
  8761 | Lair:4   | Killed Snorg
  9085 | Lair:4   | Noticed Sonja
  9093 | Lair:4   | Killed Sonja
  9328 | Orc:1    | Entered Level 1 of the Orcish Mines
  9573 | Orc:1    | Found a radiant altar of Vehumet.
  9713 | Orc:2    | Entered Level 2 of the Orcish Mines
 10163 | Orc:2    | Found a bloodstained altar of Trog.
 10331 | Orc:2    | Found a staircase to the Elven Halls.
 10619 | Orc:2    | Reached skill level 14 in Axes
 10627 | Orc:2    | Found Cuivem Sosu's Antique Armour Shop.
 10627 | Orc:2    | Found Ixoedivyk's Gadget Emporium.
 10629 | Orc:2    | Found Fororchediv's Jewellery Shop.
 10629 | Orc:2    | Found Onuimp's Distillery.
 10643 | Orc:2    | Bought a condenser vane (2/2) for 360 gold pieces
 10648 | Orc:2    | Bought a shimmering plate armour for 924 gold pieces
 10658 | Orc:2    | Identified the +0 plate armour of Pan-Flutes {-Cast MR+
                  | Str+4} (You bought it in a shop on level 2 of the Orcish
                  | Mines)
 10830 | Spider:1 | Entered Level 1 of the Spider Nest
 10831 | Spider:1 | Noticed an entropy weaver
 10844 | Spider:1 | Gained mutation: You resist negative energy. (rN+) [Deep
                  | Dwarf growth]
 10844 | Spider:1 | Reached XP level 14. HP: 138/138 MP: 8/8
 10854 | Lair:3   | Killed an entropy weaver
 11128 | Spider:1 | Noticed Aizul
 11165 | Spider:1 | Noticed an entropy weaver
 11171 | Spider:1 | Killed Aizul
 11175 | Spider:1 | Quit the game

Illustrated notes

Levels and vault maps discovered:
D:1:      psy_arrival_spokes, layout_loops_ring
D:2:      minmay_diamond_boxcup, layout_basic
D:3:      layout_loops_corners, uniq_sigmund, uniq_crazy_yiuf_cottage
D:4:      layout_basic, yredelemnul_altar_generic, serial_shops, shop
D:5:      layout_rooms, kennysheep_mini_moat, uniq_grinder
D:6:      layout_basic, grunt_temple_overflow_lords_of_destruction, temple_hall,
          cheibrodos_sewer_entry_sluice
D:7:      layout_loops_cross, lemuel_coloured_pillars_altar, uniq_menkaure,
          uniq_prince_ribbit1, uniq_pikel
D:8:      layout_basic, grunt_temple_overflow_open, enter_ossuary_5
D:9:      layout_roguey, basic_altar
D:10:     minmay_blocky_corners, layout_long_grid
D:11:     layout_rooms, lair_entry_dummy, hiddenorc2_lemuel, lemuel_angel_altar
D:12:     layout_long_grid, basic_altar
Temple:   nicolae_temple_great_sept
Lair:1:   beast_lair_carwin_large_3, layout_regular_city, serial_bayou_shore_a,
          infiniplex_staircase_pool
Lair:2:   layout_regular_city, wad_woods_antlair
Lair:3:   layout_regular_city, swamp_mist, spider_nest_entry_rubble,
          pf_torpor_hydra, uniq_nergalle
Lair:4:   layout_misc_corridors, gauntlet_entry_generic, uniq_sonja, uniq_snorg
Spider:1: layout_spider_delve, uniq_aizul
Orc:1:    layout_caves, basic_altar, nicolae_volcano_entry_s_turn
Orc:2:    grunt_orc_tribal_feast, layout_diamond_mine, nicolae_orc_bridge_out,
          trog_book

Skill      XL: |  1  2  3  4  5  6  7  8  9 10 11 12 13 |
---------------+----------------------------------------+-----
Fighting       | 3 4 5 6 7 9 10 11 12 | 12.3
Axes           | 4 5 6 7 9 10 11 13 14 | 14.2
Armour         | 4 5 6 7 9 10 | 10.8
Shields        | 4 5 6 7 8 9 10 | 10.9
Invocations    | 3 5 7 8 10 11 | 11.2
Evocations     | 4 |  4.7
Dodging        | 3 |  3.8

Action                   |  1- 3 |  4- 6 |  7- 9 | 10-12 | 13-15 || total
-------------------------+-------+-------+-------+-------+-------++-------
Melee: War axe           |    93 |   101 |   486 |   797 |   446 ||  1923
Invok: Lesser Servant of |       |       |       |     4 |     1 ||     5
 Abil: Heal Wounds       |     1 |     1 |    24 |    12 |    15 ||    53
Evoke: Wand              |       |       |       |       |     3 ||     3
       Condenser vane    |       |       |       |       |     1 ||     1
  Use: Scroll            |       |       |    15 |     2 |    11 ||    28
       Potion            |       |       |     2 |       |     6 ||     8
 Stab: Confused          |       |       |       |       |     2 ||     2
Armor: Scale mail        |    10 |       |       |       |       ||    10
       Chain mail        |    40 |    61 |   233 |       |       ||   334
       Plate armour      |       |       |    96 |   561 |   302 ||   959
Dodge: Dodged            |    17 |    31 |   117 |   227 |   218 ||   610
Block: Kite shield       |    40 |    56 |   356 |   541 |   437 ||  1430
       Reflection        |       |       |       |       |     4 ||     4

Table legend: (Time is in decaauts)
 A = Elapsed time spent in this place.
 B = Non-inter-level travel time spent in this place.
 C = Inter-level travel time spent in this place.
 D = Time resting spent in this place.
 E = Time spent auto-exploring this place.
 F = Levels seen in this place.
 G = Mean time per level.
                   A        B        C        D        E       F      G
               +--------+--------+--------+--------+--------+-----+--------+
         Total |  11319 |  10563 |    756 |    317 |   6924 |  21 |  539.0 |
       Dungeon |   6089 |   5644 |    445 |      0 |   3557 |  12 |  507.4 |
        Temple |      1 |      1 |      0 |      0 |      0 |   1 |    1.0 |
          Lair |   3460 |   3243 |    217 |    217 |   2382 |   4 |  865.0 |
   Spider Nest |     62 |     62 |      0 |      0 |      0 |   1 |   62.0 |
  Orcish Mines |   1388 |   1296 |     92 |    100 |    852 |   2 |  694.0 |
      Gauntlet |    318 |    318 |      0 |      0 |    133 |   1 |  318.0 |
               +--------+--------+--------+--------+--------+-----+--------+

Top non-repeatable levels by time:
  Lair:3: 1208 daAuts
   Orc:2: 992 daAuts
  Lair:2: 804 daAuts
  Lair:1: 778 daAuts
    D:10: 748 daAuts
    D:11: 739 daAuts
     D:9: 678 daAuts
     D:6: 673 daAuts
  Lair:4: 668 daAuts
    D:12: 633 daAuts
     D:8: 584 daAuts
     D:4: 559 daAuts
     D:5: 467 daAuts
   Orc:1: 395 daAuts
     D:3: 391 daAuts
